 Dungeon Crawl Stone Soup version 0.17-a0-2027-gcac42c4 (webtiles) character file.

655 ztt the Covered (level 7, -6/61 HPs)
             Began as a Minotaur Fighter on Oct 10, 2015.
             Was a Believer of Okawaru.
             Mangled by an orc warrior
             ... wielding a +0 halberd
              (10 damage)
             ... on level 4 of the Dungeon.
             The game lasted 00:05:26 (3706 turns).

ztt the Covered (Minotaur Fighter)                  Turns: 3706, Time: 00:05:26

Health: -6/61      AC:  8    Str: 22    XL:     7   Next: 29%
Magic:  6/6        EV:  9    Int:  5    God:    Okawaru [**....]
Gold:   217        SH: 10    Dex: 10    Spells: 0 memorised, 6 levels left

rFire  . . .     SeeInvis .     a - +0 war axe
rCold  . . .     Clarity  .     b - +0 scale mail
rNeg   . . .     SustAt   .     c - +0 shield
rPois  .         Gourm    .     l - +0 hat
rElec  +         Spirit   .     g - +0 cloak
rCorr  .         Warding  .     (no gloves)
rMut   .         Stasis   .     (no boots)
MR     +....                    (no amulet)
Stlth  +.........               v - ring of flight
                                x - ring of Greed {+Inv rElec MR+ Stlth+}

@: somewhat resistant to hostile enchantments, very unstealthy
A: retaliatory headbutt, horns 2
a: Heroism, Renounce Religion, Evoke Invisibility, Evoke Flight


You were on level 4 of the Dungeon.
You worshipped Okawaru.
Okawaru was pleased with you.
You were not hungry.

You visited 1 branch of the dungeon, and saw 4 of its levels.

You collected 217 gold pieces.

Inventory:

Hand Weapons
 a - a +0 war axe (weapon)
 o - a cursed -1 flail
Armour
 b - a +0 scale mail (worn)
 c - a +0 shield (worn)
 g - a +0 cloak (worn)
 l - a +0 hat (worn)
Jewellery
 v - a ring of flight (right hand)
 x - the ring of Greed (left hand) {+Inv rElec MR+ Stlth+}
   (You found it on level 4 of the Dungeon)

   [ring of protection from magic]

   It insulates you from electricity.
   It affects your resistance to hostile enchantments.
   It lets you turn invisible.
   It makes you more stealthy.
Wands
 f - a wand of slowing (25)
 j - a wand of flame (28)
 w - a wand of slowing (18)
Scrolls
 p - a scroll of remove curse {unknown}
 s - a scroll of amnesia {unknown}
 t - a scroll of magic mapping {unknown}
 u - 2 scrolls of teleportation {unknown}
Potions
 d - a potion of might
 i - a potion of agility
 m - 2 potions of invisibility
 n - 3 potions of lignification
 r - a potion of curing
 z - a potion of brilliance {unknown}
Comestibles
 e - 2 bread rations
 h - 2 meat rations
 k - 5 fruits


   Skills:
 + Level 5.1 Fighting
 + Level 4.8 Axes
 + Level 5.6 Armour
 + Level 3.6 Dodging
 + Level 1.1 Stealth
 + Level 5.5 Shields


You had 6 spell levels left.
You didn't know any spells.

Dungeon Overview and Level Annotations

Branches:
Dungeon (4/15)
 Temple: D:4-7

Altars:
Cheibriados
Dithmenos
Fedhas
Okawaru
Vehumet
Zin


Innate Abilities, Weirdness & Mutations

You reflexively headbutt those who attack you in melee.
You have a pair of horns on your head.


Message History

You completely miss the orc warrior.
The orc warrior is severely wounded.
You block the orc warrior's attack.
Unknown command.
You hit the orc warrior but do no damage.
You headbutt the orc warrior, but do no damage.
The orc warrior is severely wounded.
The orc warrior hits you but does no damage.
Unknown command.
You barely miss the orc warrior. You headbutt the orc warrior.
The orc warrior is almost dead.
You block the orc warrior's attack.
Unknown command.
You closely miss the orc warrior. Your headbutt misses the orc warrior.
The orc warrior is almost dead.
The orc priest calls down the wrath of Beogh upon you.
Something smites you!
* * * LOW HITPOINT WARNING * * *
The orc warrior hits you with a halberd!
You die...

.###.# #.# .#
#.# # #.#
.###.##.##.#
#.#
...........#
#.#
.######......
#.# .# #####
#)# .# #)# .#
#.#######.#
#ooo@.....#
#o#########


You could see an orc warrior, an orc priest and 2 orcs.

Vanquished Creatures
  Grinder (D:4)
  An ogre (D:4)
  3 orc priests
  An orc wizard (D:4)
  Natasha (thrice) (D:3)
  A worker ant (D:4)
  Robin (D:2)
  8 gnolls
  2 adders
  An ooze (D:3)
  2 worms
  2 giant geckos
  8 orcs
  2 ball pythons
  7 bats
  A giant cockroach (D:1)
  18 goblins
  8 hobgoblins
  5 jackals (D:3)
  3 giant newts
  10 kobolds
  6 rats
94 creatures vanquished.

Notes
Turn   | Place    | Note
--------------------------------------------------------------
     0 | D:1      | ztt the Minotaur Fighter began the quest for the Orb.
     0 | D:1      | Reached XP level 1. HP: 19/19 MP: 0/0
    38 | D:1      | Reached XP level 2. HP: 6/27 MP: 1/1
   339 | D:1      | Reached skill level 4 in Armour
   974 | D:2      | Noticed Robin
   979 | D:2      | Reached XP level 3. HP: 30/33 MP: 2/2
   993 | D:2      | Killed Robin
  1054 | D:2      | Reached XP level 4. HP: 31/40 MP: 3/3
  1418 | D:2      | Reached skill level 1 in Dodging
  1425 | D:2      | Found an iron altar of Okawaru.
  1434 | D:2      | Became a worshipper of Warmaster Okawaru
  1958 | D:3      | Noticed Natasha
  1971 | D:3      | Killed Natasha
  1971 | D:3      | Reached XP level 5. HP: 27/47 MP: 4/4
  2249 | D:3      | Noticed Natasha
  2257 | D:3      | Killed Natasha
  2261 | D:3      | Noticed Natasha
  2269 | D:3      | Killed Natasha
  2272 | D:3      | Found a radiant altar of Vehumet.
  2399 | D:3      | Reached skill level 5 in Armour
  2676 | D:3      | Found a shadowy altar of Dithmenos.
  2678 | D:3      | Found a blossoming altar of Fedhas.
  2748 | D:3      | Found a snail-covered altar of Cheibriados.
  2757 | D:3      | HP: 1/47 [gnoll/halberd (8)]
  2837 | D:4      | Acquired Okawaru's first power
  2877 | D:4      | Found a glowing silver altar of Zin.
  2929 | D:4      | Reached XP level 6. HP: 53/53 MP: 5/5
  3003 | D:4      | Noticed Grinder
  3013 | D:4      | Paralysed by Grinder for 7 turns
  3028 | D:4      | Killed Grinder
  3028 | D:4      | Reached skill level 1 in Stealth
  3028 | D:4      | Reached skill level 5 in Shields
  3345 | D:4      | Reached skill level 5 in Fighting
  3353 | D:4      | Noticed an ogre
  3362 | D:4      | Killed an ogre
  3362 | D:4      | Reached XP level 7. HP: 38/61 MP: 6/6
  3365 | D:4      | Got a bound marble ring
  3366 | D:4      | Identified the ring of Greed {+Inv rElec MR+ Stlth+} (You found it on level 4 of the Dungeon)
  3687 | D:4      | Noticed an orc warrior
  3706 | D:4      | Mangled by an orc warrior

Vault maps used:
D:1:      erik_arrival_cave_to_civilisation
D:2:      okawaru_altar_gauntlet_db, uniq_robin
D:3:      vehumet_altar_wand_db, minitemple, cheibriados_altar_wand_db,
          st_stairs_9, uniq_natasha
D:4:      nicolae_overflow_hidden_temple, uniq_grinder

Action                   |  1- 3 |  4- 6 |  7- 9 || total
-------------------------+-------+-------+-------++-------
Melee: War axe           |    70 |   157 |    33 ||   260
  Use: Scroll            |       |     3 |     1 ||     4
       Potion            |       |     2 |     3 ||     5
  Eat: Chunk             |       |     5 |       ||     5
       Pizza             |       |     1 |       ||     1
       Beef jerky        |       |     1 |       ||     1
       Bread ration      |       |       |     1 ||     1
